 Dungeon Crawl Stone Soup version 0.21-a0-529-g8c7b3f5 (webtiles) character file.

49 AverageBear the Cutter (level 3, 0/22 HPs)
             Began as a Deep Elf Fighter on Dec 10, 2017.
             Slain by an adder (2 damage)
             ... on level 2 of the Dungeon.
             The game lasted 00:00:59 (1400 turns).

AverageBear the Cutter (Deep Elf Fighter)           Turns: 1400, Time: 00:00:59

Health: 0/22       AC:  6    Str: 14    XL:     3   Next: 53%
Magic:  5/5        EV:  6    Int: 12    God:
Gold:   43         SH:  8    Dex: 14    Spells: 2/2 levels left

rFire    . . .     SeeInvis .   a - +0 rapier
rCold    . . .     Gourm    .   c - +0 shield
rNeg     . . .     Faith    .   b - +0 scale mail
rPois    .         Spirit   .   (no helmet)
rElec    .         Reflect  .   (no cloak)
rCorr    .         Harm     .   (no gloves)
MR       .....                  (no boots)
Stlth    ..........             g - amulet of rage
HPRegen  0.07/turn              (no ring)
MPRegen  0.09/turn              (no ring)

@: lethally poisoned (0 -> -3)
A: no striking features
a: Evoke Berserk Rage


You were on level 2 of the Dungeon.
You were not hungry.

You visited 1 branch of the dungeon, and saw 2 of its levels.

You collected 43 gold pieces.

Inventory:

Hand Weapons
 a - a +0 rapier (weapon)
Armour
 b - a +0 scale mail (worn)
 c - a +0 shield (worn)
Jewellery
 g - an amulet of rage (around neck)
Scrolls
 e - a scroll of magic mapping {unknown}
 i - 4 scrolls of remove curse
Potions
 d - a potion of might
 j - a potion of curing {unknown}
Comestibles
 f - 2 bread rations
 h - 5 chunks of flesh
 k - 3 fruits


   Skills:
 - Level 2.4 Fighting
 + Level 4.0 Short Blades
 - Level 2.4 Armour
 - Level 2.4 Shields


You had 2 spell levels left.
You didn't know any spells.

Dungeon Overview and Level Annotations

Branches:
Dungeon (2/15)

Altars:


Message History

The adder is lightly wounded.
The adder bites you but does no damage. The adder bites you.
You barely miss the adder.
The adder is lightly wounded.
You block the adder's attack.
You barely miss the adder.
The adder is lightly wounded.
The adder bites you.
* * * LOW HITPOINT WARNING * * *
You are poisoned.
The adder poisons you! The adder bites you but does no damage.
You hit the adder.
The adder is severely wounded.
* * * LOW HITPOINT WARNING * * *
You feel sick. The adder bites you.
* * * LOW HITPOINT WARNING * * *
You miss the adder.
The adder is severely wounded.
The adder bites you but does no damage. The adder bites you.
You die...

#.##....###
##.## #.......#
#.# #####.### #.
#.# #.# #.##
#..##
..#######...####
.....lS@.......+
#########...####
...## .###.# #
#.# .# #


You could see an adder and a frilled lizard.

Vanquished Creatures
  An adder (D:2)
  2 dart slugs (D:1)
  2 ball pythons
  6 bats (D:1)
  5 goblins (D:1)
  9 hobgoblins
  2 kobolds (D:1)
  4 frilled lizards (D:1)
  3 rats (D:1)
34 creatures vanquished.

Notes
Turn   | Place    | Note
-------+----------+-------------------------------------------
     0 | D:1      | AverageBear the Deep Elf Fighter began the quest for the Orb.
     0 | D:1      | Reached XP level 1. HP: 13/13 MP: 3/3
   251 | D:1      | Reached XP level 2. HP: 18/18 MP: 4/4
   326 | D:1      | Reached skill level 3 in Short Blades
   865 | D:1      | Reached XP level 3. HP: 17/22 MP: 5/5
  1384 | D:2      | Reached skill level 4 in Short Blades
  1400 | D:2      | Slain by an adder

Vault maps used:
D:1:      elethiomel_arrival_infinity_welcomes_careful_drivers,
          kennysheep_crisscross, minivault_4
D:2:      grunt_dithmenos_smoke_and_mirrors

Skill      XL: |  1  2  3 |
---------------+----------+-----
Short Blades   | 3 4 |  4.0
Fighting       | |  2.4
Armour         | |  2.4
Shields        | |  2.4

Action                   || total
-------------------------++-------
Melee: Rapier            ||   131
  Use: Scroll            ||     3
  Eat: Chunk             ||     2
Armor: Scale mail        ||    50
Dodge: Dodged            ||    30
Block: Shield            ||    60

Table legend:
 A = Spawn XP
 B = Non-spawn XP
 C = Spawn XP percentage of total XP
 D = Spawn monster count
 E = Non-spawn monster count
 F = Spawn count percentage of total count
 G = Total turns spent on level
                    A         B        C        D         E        F      G
               +---------+---------+-------+---------+---------+-------+---------
         Total |       0 |      71 |   0.0 |       0 |      34 |   0.0 |  1400
               +---------+---------+-------+---------+---------+-------+---------
           D:1 |       0 |      51 |   0.0 |       0 |      29 |   0.0 |  1122
           D:2 |       0 |      20 |   0.0 |       0 |       5 |   0.0 |   278
               +---------+---------+-------+---------+---------+-------+---------
